TOP OF THE 1ST |
Kansas City Royals batting - Pitching for Cleveland Indians : RHP Ervin Santana
|
Pitching: RHP Ervin Santana
|
|
Batting: RHB Gorkys Hernandez
|
0-0: Fly out, F7 (Flyball, 7LS)
|
Batting: RHB Ronald Torreyes
|
0-0: Foul Ball, location: 2F 0-1: Ball 1-1: DOUBLE (Line Drive, 7LS)
|
Batting: LHB Joe Mauer
|
0-0: Ball 1-0: Swinging Strike 1-1: SINGLE (Line Drive, 56D) Ronald Torreyes to third
|
Batting: LHB Lonnie Chisenhall
|
0-0: Swinging Strike 0-1: Ball 1-1: Foul Ball, location: 2F 1-2: 3-RUN HOME RUN (Flyball, 8LXD), Distance : 414 ft
|
Batting: LHB Luis Valbuena
|
0-0: Ball 1-0: Called Strike 1-1: Ball 2-1: Ball 3-1: Foul Ball, location: 2F 3-2: Fly out, F8 (Flyball, 8LM)
|
Batting: RHB Albert Pujols
|
0-0: Ball 1-0: Foul Ball, location: 2F 1-1: Foul Ball, location: 2F 1-2: Foul Ball, location: 2F 1-2: Ball 2-2: Ball 3-2: Base on Balls
|
Batting: LHB Jesse Winker
|
0-0: Called Strike 0-1: Ball 1-1: SINGLE (Line Drive, 9S) Albert Pujols to second Runner from 2nd tries for 3rd, SAFE, no throw
|
Batting: SHB Jurickson Profar
|
0-0: Ball 1-0: Ball 2-0: Swinging Strike 2-1: Foul Ball, location: 2F 2-2: Foul Ball, location: 2F 2-2: Ball 3-2: Fly out, F9 (Flyball, 9S)
|
Top of the 1st over - 3 runs, 4 hits, 0 errors, 2 left on base; Kansas City 3 - Cleveland 0 |
BOTTOM OF THE 1ST |
Cleveland Indians batting - Pitching for Kansas City Royals : RHP Ivan Nova
|
Pitching: RHP Ivan Nova
|
|
Batting: LHB Jacoby Ellsbury
|
0-0: Ground out 6-3 (Groundball, 6)
|
Batting: LHB Matt Carpenter
|
0-0: Ball 1-0: Foul Ball, location: 2F 1-1: Called Strike 1-2: Foul Ball, location: 2F 1-2: Foul Ball, location: 2F 1-2: Foul Ball, location: 2F 1-2: Ball 2-2: Foul Ball, location: 2F 2-2: Ball 3-2: Fly out, F4 (Line Drive, 4)
|
Batting: SHB Jose Ramirez
|
0-0: Called Strike 0-1: Fly out, F9 (Flyball, 9)
|
Bottom of the 1st over - 0 runs, 0 hits, 0 errors, 0 left on base; Kansas City 3 - Cleveland 0 |
TOP OF THE 2ND |
Kansas City Royals batting - Pitching for Cleveland Indians : RHP Ervin Santana
|
Batting: RHB Josh Phegley
|
0-0: Ball 1-0: Reached on error, E6 (Groundball, 6)
|
Batting: RHB Gorkys Hernandez
|
0-0: Ball 1-0: Ball 2-0: Fly out, F7 (Flyball, 7)
|
Batting: RHB Ronald Torreyes
|
0-0: Ball 1-0: SINGLE (Flyball, 9LM) Josh Phegley to third Runner from 3rd tries for Home, throw and OUT! Ronald Torreyes to second
|
Batting: LHB Joe Mauer
|
0-0: Ball 1-0: Ball 2-0: Called Strike 2-1: Fly out, F6 (Popup, P)
|
Top of the 2nd over - 0 runs, 1 hit, 1 error, 1 left on base; Kansas City 3 - Cleveland 0 |
BOTTOM OF THE 2ND |
Cleveland Indians batting - Pitching for Kansas City Royals : RHP Ivan Nova
|
Batting: LHB Eric Hosmer
|
0-0: Ball 1-0: Ball 2-0: Foul Ball, location: 2F 2-1: Ball 3-1: Fly out, F8 (Flyball, 8RM)
|
Batting: LHB Matt Joyce
|
0-0: Called Strike 0-1: Foul Ball, location: 2F 0-2: Ball 1-2: Ground out 5-3 (Groundball, 6)
|
Batting: RHB Steven Souza Jr.
|
0-0: Ball 1-0: Called Strike 1-1: Foul Ball, location: 2F 1-2: Fly out, F7 (Flyball, 7S)
|
Bottom of the 2nd over - 0 runs, 0 hits, 0 errors, 0 left on base; Kansas City 3 - Cleveland 0 |
TOP OF THE 3RD |
Kansas City Royals batting - Pitching for Cleveland Indians : RHP Ervin Santana
|
Batting: LHB Lonnie Chisenhall
|
0-0: Fly out, F8 (Flyball, 8LM)
|
Batting: LHB Luis Valbuena
|
0-0: Ball 1-0: Foul Ball, location: 2F 1-1: Ball 2-1: Ball 3-1: Ground out 4-3 (Groundball, 4)
|
Batting: RHB Albert Pujols
|
0-0: Foul Ball, location: 2F 0-1: Swinging Strike 0-2: Ball 1-2: Foul Ball, location: 2F 1-2: Ball 2-2: Ground out 6-3 (Groundball, 6S)
|
Top of the 3rd over - 0 runs, 0 hits, 0 errors, 0 left on base; Kansas City 3 - Cleveland 0 |
BOTTOM OF THE 3RD |
Cleveland Indians batting - Pitching for Kansas City Royals : RHP Ivan Nova
|
Batting: LHB Brian McCann
|
0-0: Fly out, F3 (Popup, 3S)
|
Batting: RHB Marcus Semien
|
0-0: Ball 1-0: Foul Ball, location: 2F 1-1: Ball 2-1: Ball 3-1: Base on Balls
|
Batting: RHB Lane Adams
|
0-0: Called Strike 0-1: Fly out, F7 (Flyball, 7D)
|
Batting: LHB Jacoby Ellsbury
|
0-0: Called Strike 0-1: Ball 1-1: Called Strike 1-2: Ball 2-2: Strikes out swinging
|
Bottom of the 3rd over - 0 runs, 0 hits, 0 errors, 1 left on base; Kansas City 3 - Cleveland 0 |
TOP OF THE 4TH |
Kansas City Royals batting - Pitching for Cleveland Indians : RHP Ervin Santana
|
Batting: LHB Jesse Winker
|
0-0: Called Strike 0-1: Ball 1-1: Ball 2-1: SINGLE (Groundball, 34D)
|
Batting: SHB Jurickson Profar
|
0-0: Ball 1-0: Called Strike 1-1: Called Strike 1-2: SINGLE (Groundball, 4MD) Jesse Winker to second Runner from 2nd tries for 3rd, SAFE, no throw
|
Batting: RHB Josh Phegley
|
0-0: Ball 1-0: Ball 2-0: Swinging Strike 2-1: Foul Ball, location: 2F 2-2: Foul Ball, location: 2F 2-2: Foul Ball, location: 2F 2-2: Ball 3-2: Strikes out swinging Jurickson Profar steals 2nd base Batter strikes out.
|
Batting: RHB Gorkys Hernandez
|
0-0: Called Strike 0-1: Called Strike 0-2: Ball 1-2: Strikes out swinging
|
Batting: RHB Ronald Torreyes
|
0-0: Foul Ball, location: 2F 0-1: Ball 1-1: Foul Ball, location: 2F 1-2: Foul Ball, location: 2F 1-2: Ball 2-2: Ground out U3 (Groundball, 34)
|
Top of the 4th over - 0 runs, 2 hits, 0 errors, 2 left on base; Kansas City 3 - Cleveland 0 |
BOTTOM OF THE 4TH |
Cleveland Indians batting - Pitching for Kansas City Royals : RHP Ivan Nova
|
Batting: LHB Matt Carpenter
|
0-0: Called Strike 0-1: Foul Ball, location: 2F 0-2: Ball 1-2: Foul Ball, location: 2F 1-2: Ball 2-2: Ball 3-2: Ground out 4-3 (Groundball, 4D)
|
Batting: SHB Jose Ramirez
|
0-0: Ball 1-0: SINGLE (Groundball, 34)
|
Batting: LHB Eric Hosmer
|
0-0: Ball 1-0: Foul Ball, location: 2F 1-1: Swinging Strike 1-2: Foul Ball, location: 2F 1-2: Foul Ball, location: 2F 1-2: Strikes out swinging
|
Batting: LHB Matt Joyce
|
0-0: Ball Jose Ramirez is caught stealing 2nd base
|
Bottom of the 4th over - 0 runs, 1 hit, 0 errors, 0 left on base; Kansas City 3 - Cleveland 0 |
TOP OF THE 5TH |
Kansas City Royals batting - Pitching for Cleveland Indians : RHP Ervin Santana
|
Batting: LHB Joe Mauer
|
0-0: Ball 1-0: Ball 2-0: Ball 3-0: Called Strike 3-1: DOUBLE (Groundball, 5L)
|
Batting: LHB Lonnie Chisenhall
|
0-0: Ball 1-0: Ground out 4-3 (Groundball, 34) Joe Mauer to third
|
Batting: LHB Luis Valbuena
|
0-0: Ball 1-0: Ball 2-0: Ball 3-0: Called Strike 3-1: Base on Balls
|
Batting: RHB Albert Pujols
|
0-0: Ball 1-0: Called Strike 1-1: Fly out, F7 (Flyball, 7LS)
|
Batting: LHB Jesse Winker
|
0-0: Called Strike 0-1: Called Strike 0-2: Ball 1-2: Ball 2-2: Ball 3-2: SINGLE (Groundball, 4D) Joe Mauer scores Luis Valbuena to second Luis Valbuena to third
|
Pitching: LHP Zac Rosscup
|
|
Batting: SHB Jurickson Profar
|
0-0: Ball 1-0: Foul Ball, location: 2F 1-1: Ball 2-1: Foul Ball, location: 2F 2-2: SINGLE (Line Drive, 6D) Luis Valbuena scores Jesse Winker to second
|
Batting: RHB Josh Phegley
|
0-0: Ball 1-0: Ball 2-0: Called Strike 2-1: Swinging Strike 2-2: Ball 3-2: Strikes out looking
|
Top of the 5th over - 2 runs, 3 hits, 0 errors, 2 left on base; Kansas City 5 - Cleveland 0 |
BOTTOM OF THE 5TH |
Cleveland Indians batting - Pitching for Kansas City Royals : RHP Ivan Nova
|
Batting: LHB Matt Joyce
|
0-0: Called Strike 0-1: Foul Ball, location: 2F 0-2: Strikes out looking
|
Batting: RHB Steven Souza Jr.
|
0-0: SINGLE (Line Drive, 8LS)
|
Batting: LHB Brian McCann
|
0-0: Ball 1-0: Called Strike Steven Souza Jr. steals 2nd base 1-1: Fly out, F6 (Line Drive, 6)
|
Batting: RHB Marcus Semien
|
0-0: Ball 1-0: Ball 2-0: Ball 3-0: Base on Balls
|
Batting: RHB Lane Adams
|
0-0: Ball 1-0: Fly out, F9 (Flyball, 9LS)
|
Bottom of the 5th over - 0 runs, 1 hit, 0 errors, 2 left on base; Kansas City 5 - Cleveland 0 |
TOP OF THE 6TH |
Kansas City Royals batting - Pitching for Cleveland Indians : LHP Zac Rosscup
|
Batting: RHB Gorkys Hernandez
|
0-0: Ball 1-0: Foul Ball, location: 2F 1-1: DOUBLE (Flyball, 89XD)
|
Pinch Runner at 2nd Giovanny Urshela:
|
|
Batting: RHB Ronald Torreyes
|
0-0: Swinging Strike 0-1: Swinging Strike 0-2: Ball 1-2: Strikes out swinging
|
Batting: LHB Joe Mauer
|
0-0: Ball 1-0: Ground out 6-3 (Groundball, 6)
|
Batting: LHB Lonnie Chisenhall
|
0-0: Ball 1-0: Foul Ball, location: 2F 1-1: Swinging Strike 1-2: SINGLE (Flyball, 7S) Giovanny Urshela to third Runner from 3rd tries for Home, SAFE, throw made home Lonnie Chisenhall to second
|
Batting: LHB Luis Valbuena
|
0-0: Foul Ball, location: 2F 0-1: Swinging Strike 0-2: Ball 1-2: SINGLE (Line Drive, 4MD) Lonnie Chisenhall to third Runner from 3rd tries for Home, SAFE, throw made home Luis Valbuena to second
|
Batting: RHB Albert Pujols
|
0-0: Ball 1-0: Foul Ball, location: 2F 1-1: SINGLE (Line Drive, 7S) Luis Valbuena to third Runner from 3rd tries for Home, SAFE, no throw
|
Batting: LHB Jesse Winker
|
0-0: Called Strike 0-1: Foul Ball, location: 2F 0-2: Strikes out swinging
|
Top of the 6th over - 3 runs, 4 hits, 0 errors, 1 left on base; Kansas City 8 - Cleveland 0 |
BOTTOM OF THE 6TH |
Cleveland Indians batting - Pitching for Kansas City Royals : RHP Ivan Nova
|
Now in CF: Giovanny Urshela
|
|
Batting: LHB Jacoby Ellsbury
|
0-0: Called Strike 0-1: Ball 1-1: Ball 2-1: Ground out 1-3 (Groundball, 34S)
|
Batting: LHB Matt Carpenter
|
0-0: Called Strike 0-1: Foul Ball, location: 2F 0-2: Foul Ball, location: 2F 0-2: Ball 1-2: Foul Ball, location: 2F 1-2: Foul Ball, location: 2F 1-2: Ball 2-2: Strikes out looking
|
Batting: SHB Jose Ramirez
|
0-0: Ball 1-0: Ball 2-0: Ball 3-0: SINGLE (Groundball, 34D)
|
Batting: LHB Eric Hosmer
|
0-0: Called Strike 0-1: SINGLE (Groundball, 4MD) Jose Ramirez to second
|
Batting: LHB Matt Joyce
|
0-0: SINGLE (Flyball, 89M) Jose Ramirez to third Eric Hosmer to second Runner from 3rd tries for Home, SAFE, no throw
|
Pitching: RHP Paul Clemens
|
|
Batting: RHB Steven Souza Jr.
|
0-0: Called Strike 0-1: Swinging Strike 0-2: Ball 1-2: Foul Ball, location: 2F 1-2: Ball 2-2: SINGLE (Line Drive, 9S) Eric Hosmer to third Matt Joyce to second Runner from 3rd tries for Home, SAFE, throw made home
|
Batting: LHB Brian McCann
|
0-0: Called Strike 0-1: Swinging Strike 0-2: Strikes out swinging
|
Bottom of the 6th over - 2 runs, 4 hits, 0 errors, 2 left on base; Kansas City 8 - Cleveland 2 |
TOP OF THE 7TH |
Kansas City Royals batting - Pitching for Cleveland Indians : LHP Zac Rosscup
|
Pitching: LHP Brian Duensing
|
|
Batting: SHB Jurickson Profar
|
0-0: Called Strike 0-1: Foul Ball, location: 2F 0-2: DOUBLE (Line Drive, 9LM)
|
Batting: RHB Josh Phegley
|
0-0: Called Strike 0-1: Ground out 1-3 (Groundball, 34S) Jurickson Profar to third
|
Batting: RHB Giovanny Urshela
|
0-0: Foul Ball, location: 2F 0-1: Foul Ball, location: 2F 0-2: Ball 1-2: Ball 2-2: SINGLE (Groundball, 6MD) Jurickson Profar scores
|
Batting: RHB Ronald Torreyes
|
0-0: Foul Ball, location: 2F 0-1: Ball 1-1: Called Strike 1-2: Strikes out looking
|
Batting: LHB Joe Mauer
|
0-0: Ball 1-0: Ball 2-0: Foul Ball, location: 2F 2-1: Ball 3-1: Called Strike 3-2: Ground out 5-3 (Groundball, 56S)
|
Top of the 7th over - 1 run, 2 hits, 0 errors, 1 left on base; Kansas City 9 - Cleveland 2 |
BOTTOM OF THE 7TH |
Cleveland Indians batting - Pitching for Kansas City Royals : RHP Paul Clemens
|
Batting: RHB Marcus Semien
|
0-0: Called Strike 0-1: Ball 1-1: Ball 2-1: Swinging Strike 2-2: Ground out 5-3 (Groundball, 56S)
|
Batting: RHB Lane Adams
|
0-0: Ball 1-0: Ball 2-0: Ball 3-0: Base on Balls
|
Batting: LHB Jacoby Ellsbury
|
0-0: Called Strike Lane Adams steals 2nd base 0-1: Swinging Strike 0-2: Ground out U3 (Groundball, 3) Lane Adams to third
|
Batting: LHB Matt Carpenter
|
0-0: Called Strike 0-1: Ball 1-1: Foul Ball, location: 2F 1-2: Ball 2-2: Ball 3-2: Foul Ball, location: 2F 3-2: Foul Ball, location: 2F 3-2: Base on Balls
|
Pitching: RHP Kelvin Herrera
|
|
Batting: SHB Jose Ramirez
|
0-0: Foul Ball, location: 2F 0-1: Ball 1-1: Called Strike 1-2: Ball 2-2: Fly out, F7 (Flyball, 7LSF)
|
Bottom of the 7th over - 0 runs, 0 hits, 0 errors, 2 left on base; Kansas City 9 - Cleveland 2 |
TOP OF THE 8TH |
Kansas City Royals batting - Pitching for Cleveland Indians : LHP Brian Duensing
|
Pitching: RHP Hector Rondon
|
|
Batting: LHB Lonnie Chisenhall
|
0-0: Ball 1-0: Called Strike 1-1: Ball 2-1: Ground out 2-3 (Groundball, 2L)
|
Batting: LHB Luis Valbuena
|
0-0: Ball 1-0: Called Strike 1-1: Called Strike 1-2: Ground out 4-3 (Groundball, 34D)
|
Batting: RHB Albert Pujols
|
0-0: Called Strike 0-1: Ball 1-1: Swinging Strike 1-2: Fly out, F2 (Popup, 2LF)
|
Top of the 8th over - 0 runs, 0 hits, 0 errors, 0 left on base; Kansas City 9 - Cleveland 2 |
BOTTOM OF THE 8TH |
Cleveland Indians batting - Pitching for Kansas City Royals : RHP Kelvin Herrera
|
Batting: LHB Eric Hosmer
|
0-0: Swinging Strike 0-1: Ball 1-1: Ball 2-1: Ball 3-1: Base on Balls
|
Batting: LHB Matt Joyce
|
0-0: Ball 1-0: Called Strike 1-1: Foul Ball, location: 2F 1-2: Strikes out swinging
|
Batting: RHB Steven Souza Jr.
|
0-0: Ball 1-0: Fly out, F9 (Flyball, 9LMF)
|
Batting: LHB Brian McCann
|
0-0: Ball 1-0: Ball 2-0: Ground out 4-3 (Groundball, 34)
|
Bottom of the 8th over - 0 runs, 0 hits, 0 errors, 1 left on base; Kansas City 9 - Cleveland 2 |
TOP OF THE 9TH |
Kansas City Royals batting - Pitching for Cleveland Indians : RHP Hector Rondon
|
Batting: LHB Jesse Winker
|
0-0: Ball 1-0: Called Strike 1-1: Foul Ball, location: 2F 1-2: Ball 2-2: Ground out 4-3 (Groundball, 4)
|
Batting: SHB Jurickson Profar
|
0-0: Called Strike 0-1: Ground out 6-3 (Groundball, 6)
|
Batting: RHB Josh Phegley
|
0-0: Called Strike 0-1: Foul Ball, location: 2F 0-2: Ball 1-2: Strikes out swinging
|
Top of the 9th over - 0 runs, 0 hits, 0 errors, 0 left on base; Kansas City 9 - Cleveland 2 |
BOTTOM OF THE 9TH |
Cleveland Indians batting - Pitching for Kansas City Royals : RHP Kelvin Herrera
|
Batting: RHB Marcus Semien
|
0-0: Ball 1-0: Swinging Strike 1-1: Foul Ball, location: 2F 1-2: Ball 2-2: Strikes out swinging
|
Batting: RHB Lane Adams
|
0-0: Ball 1-0: Foul Ball, location: 2F 1-1: Fly out, F3 (Line Drive, 3)
|
Batting: LHB Jacoby Ellsbury
|
0-0: Ball 1-0: Fly out, F9 (Flyball, 9LSF)
|
Bottom of the 9th over - 0 runs, 0 hits, 0 errors, 0 left on base; Kansas City 9 - Cleveland 2 |
|